 Dungeon Crawl Stone Soup version 0.28.0-53-g5a82cb258f (webtiles) character file.

Game seed: 6515061386337724683

833 pkoi the Grappler (level 7, -1/63 HPs)
             Began as a Demigod Gladiator on June 6, 2022.
             Slain by an ogre
             ... wielding a +0 giant club
              (21 damage)
             ... on level 5 of the Dungeon.
             The game lasted 00:06:09 (7844 turns).

pkoi the Grappler (Demigod Gladiator)               Turns: 7844, Time: 00:06:09

Health: -1/63      AC: 10    Str: 19    XL:     7   Next: 38%
Magic:  9/9        EV:  8    Int: 14    God:
Gold:   126        SH:  0    Dex: 15    Spells: 6/6 levels left

rFire   . . .      SeeInvis .     - Unarmed
rCold   . . .      Faith    .   (no shield)
rNeg    . . .      Spirit   .   w - +0 chain mail
rPois   +          Reflect  .   b - +0 helmet
rElec   .          Harm     .   (no cloak)
rCorr   .          Rampage  .   m - +0 pair of gloves
Will    .....                   (no boots)
Stlth   ..........              (no amulet)
HPRegen 0.20/turn               p - ring of flight
MPRegen 0.11/turn               k - ring of poison resistance

@: lit by a corona, flying, glowing
A: high MP 1, forlorn, divine attributes, robust 2, MP-powered wands
a: no special abilities


You were on level 5 of the Dungeon.
You visited 1 branch of the dungeon, and saw 5 of its levels.
You also visited: Ossuary.

You collected 126 gold pieces.

Inventory:

Hand Weapons
 d - a +0 dagger
 e - a +0 hand axe
Missiles
 c - 3 throwing nets (quivered)
 o - 5 javelins
 s - 14 poisoned darts
Armour
 a - a +0 leather armour
 b - a +0 helmet (worn)
 m - a +0 pair of gloves (worn)
 w - a +0 chain mail (worn)
 x - a +0 plate armour
Jewellery
 h - a ring of fire
 k - a ring of poison resistance (right hand)
 l - a ring of resist corrosion
 p - a ring of flight (left hand)
Scrolls
 g - 2 scrolls of fog
 i - 4 scrolls of amnesia
 j - 3 scrolls of identify
 n - 2 scrolls of teleportation
Potions
 f - 2 potions of invisibility
 q - a potion of curing
 r - a potion of might
 t - a potion of attraction {unknown}
 u - a potion of ambrosia {unknown}
 v - a potion of brilliance {unknown}


   Skills:
 - Level 1.7 Fighting
 - Level 1.7 Throwing
 - Level 3.0 Dodging
 * Level 8.2 Unarmed Combat
 - Level 1.0 Evocations


You had 6 spell levels left.
You didn't know any spells.
Your spell library contained the following spells:

 Spells                   Type           Power      Damage    Failure   Level
 Animate Skeleton         Necr           0%         N/A       99%         1
 Pain                     Necr           0%         1d4       99%         1
 Call Canine Familiar     Summ           0%         N/A       100%        3
 Portal Projectile        Hex/Tloc       0%         N/A       100%        3
 Vampiric Draining        Necr           0%         2d6       100%        3
 Leda's Liquefaction      Hex/Erth       0%         N/A       100%        4


Dungeon Overview and Level Annotations

Branches:
Dungeon (5/15)            Ossuary (visited)
 Temple: D:4-7

Shops:
D:3 *


Innate Abilities, Weirdness & Mutations

You have an increased reservoir of magic. (+10% MP)
You shall have no god before yourself.
Your divine heritage dramatically boosts your attributes as you level up.
You are very robust. (+20% HP)
You expend magic power (3 MP) to strengthen your wands.


Message History

The gnoll shaman is heavily wounded.
An orc comes into view. It is wielding a +0 club.
You closely miss the gnoll shaman.
The gnoll shaman is heavily wounded.
The gnoll shaman hits you with a +0 club!
* * * LOW HITPOINT WARNING * * *
The sentinel's mark upon you fades away.
You hit the gnoll shaman.
The gnoll shaman is severely wounded.
The gnoll shaman hits you but does no damage.
You hit the gnoll shaman but do no damage.
The gnoll shaman is severely wounded.
The gnoll shaman hits you with a +0 club!
* * * LOW HITPOINT WARNING * * *
You hit the gnoll shaman but do no damage.
The gnoll shaman is severely wounded.
The gnoll shaman hits you but does no damage.
You hit the gnoll shaman but do no damage.
The gnoll shaman is severely wounded.
You punch the gnoll shaman!
You kill the gnoll shaman!
You punch the ogre!
The ogre is moderately wounded.
The ogre barely misses you.
You barely miss the ogre.
The ogre is moderately wounded.
The ogre hits you with a +0 giant club.
* * * LOW HITPOINT WARNING * * *
You hit the ogre.
The ogre is moderately wounded.
You hit the ogre.
The ogre is heavily wounded.
The ogre hits you with a +0 giant club!
* * * LOW HITPOINT WARNING * * *
You hit the ogre.
The ogre is heavily wounded.
You punch the ogre!
The ogre is almost dead.
The ogre hits you with a +0 giant club!!
You die...

#.# #.### ######### ###
#.#.####...##.. ?.#
.......#.#.##.# #.#
.........#....####.###
.......#####.........#
.....(...#....## #.#>#
.........#.##.####.#.#
.......#...##ooO@..#.####
.......##.#######.......#
###....##.# #.......#
##.#.##.#######.##.##.#
#..........>..#.##.# #
#.##.#........#.##.#
###.##.#.....)..#.....
g...##....<.....#....?
###.............##...#.


You could see an ogre and 2 orcs.

Vanquished Creatures
  A phantom (D:5)
  A scorpion (D:4)
  3 water moccasin zombies (Ossuary)
  A water moccasin skeleton (D:5)
  An orc priest (D:4)
  A hound (D:4)
  A centaur skeleton (D:5)
  A gnoll shaman (D:5)
  A jelly (D:4)
  An iguana (D:5)
  A scorpion zombie (D:5)
  2 orc wizards (D:4)
  2 mummies (Ossuary)
  8 gnolls
  2 adders
  5 adder zombies
  8 orcs
  7 bats
  5 endoplasms
  4 giant cockroaches
  4 gnoll zombies (Ossuary)
  9 goblins
  3 hobgoblins (D:1)
  8 jackals
  A quokka (D:4)
  7 ball pythons
  2 frilled lizards
  A goblin zombie (D:4)
  5 hobgoblin zombies (Ossuary)
  5 kobolds
  6 kobold zombies (Ossuary)
  An orc zombie (Ossuary)
  A quokka zombie (D:4)
  3 rats
112 creatures vanquished.

Vanquished Creatures (collateral kills)
  An endoplasm (D:3)
1 creature vanquished.

Grand Total: 113 creatures vanquished

Notes
Turn   | Place    | Note
-------+----------+-------------------------------------------
     0 | D:1      | pkoi the Demigod Gladiator began the quest for the Orb.
     0 | D:1      | Reached XP level 1. HP: 17/17 MP: 3/3
   157 | D:1      | Reached skill level 3 in Unarmed Combat
   306 | D:1      | Reached XP level 2. HP: 14/24 MP: 4/4
  1695 | D:2      | Reached skill level 4 in Unarmed Combat
  1695 | D:2      | Reached XP level 3. HP: 25/29 MP: 5/5
  1970 | D:2      | Identified the +1 robe of Egalitarianism {rN+ Dex+4}
  3250 | D:3      | Gained mutation: You expend magic power (3 MP) to
                  | strengthen your wands. [potion of mutation]
  3250 | D:3      | Gained mutation: You are robust. (+10% HP) [potion of
                  | mutation]
  3250 | D:3      | Gained mutation: You are very robust. (+20% HP) [potion of
                  | mutation]
  3612 | D:3      | Found Unnihep's General Store.
  3810 | D:4      | Found a sand-covered staircase.
  3818 | Ossuary  | Entered an ossuary
  3846 | Ossuary  | Reached XP level 4. HP: 27/43 MP: 6/6
  3973 | Ossuary  | Reached skill level 1 in Evocations
  4112 | Ossuary  | Reached skill level 5 in Unarmed Combat
  4112 | Ossuary  | Reached XP level 5. HP: 29/49 MP: 7/7
  4675 | Ossuary  | Reached skill level 6 in Unarmed Combat
  5201 | D:4      | Reached XP level 6. HP: 26/57 MP: 8/8
  6133 | D:5      | Entered Level 5 of the Dungeon
  6258 | D:5      | Reached skill level 7 in Unarmed Combat
  6730 | D:5      | Reached XP level 7. HP: 48/63 MP: 9/9
  7680 | D:4      | Reached skill level 8 in Unarmed Combat
  7844 | D:5      | Slain by an ogre

Illustrated notes

Levels and vault maps discovered:
D:1:      dpeg_arrival_three_same_balls, layout_loops_corners, bh_walls_and_bars
D:2:      layout_basic, minmay_misc_feat_rows
D:3:      layout_basic, shapermc_ecumenical_altar_mp_vishouse, serial_shops,
          shop
D:4:      layout_loops_corners, nicolae_uskayaw_suspiria, enter_ossuary_4
D:5:      layout_loops_cross, tgw_xom, serial_shops, nicolae_shop_waterfront,
          nicolae_shop_gadgets

Skill      XL: |  1  2  3  4  5  6  7 |
---------------+----------------------+-----
Unarmed Combat | 3 4 5 6 7 8 |  8.2
Dodging        | 3 |  3.0
Evocations     | 1 |  1.0
Fighting       | |  1.7
Throwing       | |  1.7

Action                   |  1- 3 |  4- 6 |  7- 9 || total
-------------------------+-------+-------+-------++-------
Melee: Unarmed           |   209 |   256 |    65 ||   530
       Punch             |     6 |    20 |     4 ||    30
  Use: Potion            |     6 |     1 |       ||     7
       Scroll            |     3 |     4 |       ||     7
 Stab: Invisible         |     1 |       |       ||     1
Armor: Leather armour    |    72 |    65 |     2 ||   139
       Chain mail        |       |       |    41 ||    41
Dodge: Dodged            |   130 |   128 |    39 ||   297
